 Dungeon Crawl Stone Soup version 0.30-a0-1160-g6e42c06551 (webtiles) character file.

Game seed: 5996299923442776239

9 jasper the Gusty (level 2, 0/15 HPs)
             Began as a Tengu Air Elementalist on Apr 25, 2023.
             Slain by a jackal (2 damage)
             ... on level 1 of the Dungeon.
             The game lasted 00:00:15 (107 turns).

jasper the Gusty (Tengu Air Elementalist)            Turns: 107, Time: 00:00:16

Health: 0/15       AC:  2    Str:  8    XL:     2   Next: 12%
Magic:  2/6        EV: 12    Int: 15    God:
Gold:   7          SH:  0    Dex: 14    Spells: 4/5 levels left

rFire   . . .        (no weapon)
rCold   . . .        (no shield)
rNeg    . . .        a - +0 robe
rPois   .            (helmet restricted)
rElec   .            (no cloak)
rCorr   .            (no gloves)
SInv    .            (boots unavailable)
Will    .....        (no amulet)
Stlth   ++           (no ring)
HPRegen 0.22/turn    (no ring)
MPRegen 0.10/turn

%: no passive effects
@: no status effects
A: beak, talons 3
a: no special abilities


You were on level 1 of the Dungeon.
You visited 1 branch of the dungeon, and saw 1 of its levels.

You collected 7 gold pieces.

Inventory:

Armour
 a - a +0 robe (worn)
Scrolls
 c - a scroll of blinking {unknown}
Potions
 d - a potion of degeneration {unknown}
 e - a potion of cancellation {unknown}


   Skills:
 - Level 2.1 Dodging
 - Level 2.0 Stealth
 - Level 2.0 Spellcasting
 - Level 1.3 Conjurations
 + Level 4.8 Air Magic


You had 4 spell levels left.
You knew the following spells:

 Your Spells              Type           Power      Damage    Failure   Level
a - Shock                 Conj/Air       40%        1d5       6%          1

Your spell library contained the following spells:

 Spells                   Type           Power      Damage    Failure   Level
 Swiftness                Air            16%        N/A       9%          3
 Static Discharge         Conj/Air       20%        2-3/arc   10%         2
 Airstrike                Air            8%         2d(2-18)  30%         4


Dungeon Overview and Level Annotations

Branches:
Dungeon (1/15)

Altars:


Innate Abilities, Weirdness & Mutations

You have a beak for a mouth.
You have claws for feet.


Message History

Press: ? - help, Q - select action Shift-Dir - straight line, f/p - jackal
Aim: a jackal (severely wounded, 60% to hit)
The zap hits the jackal.
You kill the jackal!
The zap hits the jackal.
The jackal is severely wounded.
The jackal bites you.
You take 3 damage, and have 4/10 hp.
MASSIVE DAMAGE!!
You now have 0/4 mp.
The jackal bites you.
* * * LOW HITPOINT WARNING * * *
You take 1 damage, and have 3/10 hp.
The jackal bites you.
* * * LOW HITPOINT WARNING * * *
You take 2 damage, and have 1/10 hp.
Magic courses through your body. The jackal misses you.
MP restored: 4
Aiming: Shock (safe; 7% risk of failure)
Press: ? - help, Q - select action Shift-Dir - straight line The zap misses the jackal.
The zap hits the jackal.
You kill the jackal!
The zap hits the jackal.
The jackal is moderately wounded.
The jackal bites you.
* * * LOW HITPOINT WARNING * * *
The jackal closely misses you.
You have reached level 2!
You take 1 damage, and have 1/15 hp.
Aiming: Shock (safe; 6% risk of failure)
Press: ? - help, Q - select action Shift-Dir - straight line The zap hits the jackal.
You kill the jackal!
The zap hits the rat.
You kill the rat!
You now have 3/6 mp.
Aiming: Shock (safe; 6% risk of failure)
Press: ? - help, Q - select action Shift-Dir - straight line The zap misses the jackal.
The zap hits the jackal.
The jackal is moderately wounded.
The jackal bites you.
You die...

#...............#####.....###
#...######......#...#..[..#..
#.........##....#.<.'.....+.8
#†........###...#...#.....#..
#........†# #...#####.....###
#.........# ##..# ###+###
#.........####..# ...#
#...........##.## .8.#
#...........@h..# ...#
##############†....# ###
..##..... .... #... ...... ##
.......# ........# ..........


You could see a jackal.

Vanquished Creatures
  2 ball pythons (D:1)
  3 jackals (D:1)
  A quokka (D:1)
  A rat (D:1)
7 creatures vanquished.

Notes
Turn   | Place    | Note
-------+----------+-------------------------------------------
     0 | D:1      | jasper the Tengu Air Elementalist began the quest for the
                  | Orb.
     0 | D:1      | Reached XP level 1. HP: 10/10 MP: 4/4
   106 | D:1      | Reached XP level 2. HP: 1/15 MP: 4/6
   107 | D:1      | Slain by a jackal

Illustrated notes

Levels and vault maps discovered:
D:1:      minmay_arrival_stair_chambers, layout_rooms, serial_shops,
          nicolae_shop_pleasant_corner_grove

Action                     || total
---------------------------++-------
   Cast: Shock             ||    11
    Use: Potion            ||     1
  Dodge: Dodged            ||     4

Table legend: (Time is in decaauts)
 A = Elapsed time spent in this place.
 B = Non-inter-level travel time spent in this place.
 C = Inter-level travel time spent in this place.
 D = Time resting spent in this place.
 E = Time spent auto-exploring this place.
 F = Levels seen in this place.
 G = Mean time per level.
                   A        B        C        D        E       F      G
               +--------+--------+--------+--------+--------+-----+--------+
         Total |    107 |    107 |      0 |      0 |     87 |   1 |  107.0 |
       Dungeon |    107 |    107 |      0 |      0 |     87 |   1 |  107.0 |
               +--------+--------+--------+--------+--------+-----+--------+

Top non-repeatable levels by time:
     D:1: 107 daAuts
